 Dungeon Crawl Stone Soup version 0.29-a0-830-gcb1280458a (webtiles) character file.

Game seed: 13185960340204679271

838 masada555 the Cleaver (level 7, -16/59 HPs)
             Began as a Hill Orc Fighter on July 11, 2022.
             Killed from afar by Eustachio (31 damage)
             ... with a bolt of dispelling energy
             ... on level 4 of the Dungeon.
             The game lasted 00:12:24 (3185 turns).

masada555 the Cleaver (Hill Orc Fighter)            Turns: 3185, Time: 00:12:26

Health: -16/59     AC:  8    Str: 22    XL:     7   Next: 99%
Magic:  0/7        EV:  9    Int: 10    God:
Gold:   1323       SH:  5    Dex: 16    Spells: 6/6 levels left

rFire   . . .      SeeInvis .   o - +3 hand axe of Ocuyts {vorpal, rPois Will++ Str+3}
rCold   . . .      Faith    .   c - +0 buckler
rNeg    . . .      Spirit   +   b - +0 scale mail
rPois   +          Reflect  .   (no helmet)
rElec   .          Harm     .   j - +0 cloak
rCorr   .          Rampage  .   (no gloves)
Will    ++...                   (no boots)
Stlth   ..........              e - amulet of guardian spirit
HPRegen 0.19/turn               g - +6 ring of dexterity
MPRegen 0.10/turn               (no ring)

@: no status effects
A: MP-powered wands
a: no special abilities


You were on level 4 of the Dungeon.
You visited 1 branch of the dungeon, and saw 4 of its levels.

You collected 1323 gold pieces.

Inventory:

Hand Weapons
 a - a +0 war axe
 i - a +0 club
 o - the +3 hand axe of Ocuyts (weapon) {vorpal, rPois Will++ Str+3}
   (You found it on level 2 of the Dungeon)

   It inflicts extra damage upon your enemies.
   Str:       It affects your strength (+3).
   rPois:     It protects you from poison.
   Will:      It greatly increases your willpower.
 t - the +3 sling "Lole" {vorpal, rCorr Str+3 Dex-5 SInv}
   (You found it on level 4 of the Dungeon)

   Any ammunition fired from it inflicts extra damage upon your enemies.
   Str:       It affects your strength (+3).
   Dex:       It affects your dexterity (-5).
   SInv:      It lets you see invisible.
   rCorr:     It protects you from acid and corrosion.
 w - a +2 whip of electrocution
Missiles
 y - 5 atropa-tipped darts (quivered)
Armour
 b - a +0 scale mail (worn)
 c - a +0 buckler (worn)
 j - a +0 cloak (worn)
Magical Staves
 m - a staff of air
Jewellery
 e - an amulet of guardian spirit (around neck)
 g - a +6 ring of dexterity (left hand)
 k - an amulet of faith
Scrolls
 h - a scroll of identify
 p - 2 scrolls of teleportation
 r - a scroll of vulnerability {unknown}
 s - a scroll of noise {unknown}
 u - a scroll of enchant armour {unknown}
 v - a scroll of blinking {unknown}
 A - a scroll of fog {unknown}
 B - a scroll of brand weapon {unknown}
Potions
 d - a potion of ambrosia
 f - a potion of mutation
 l - a potion of curing
 q - a potion of brilliance
 x - a potion of berserk rage
 z - a potion of flight


   Skills:
 - Level 4.3 Fighting
 + Level 8.3 Axes
 + Level 6.1 Armour
 + Level 5.1 Shields


You had 6 spell levels left.
You didn't know any spells.
Your spell library contained the following spells:

 Spells                   Type           Power      Damage    Failure   Level
 Sublimation of Blood     Necr           0%         N/A       87%         2
 Ozocubu's Armour         Ice            0%         N/A       98%         3
 Cause Fear               Hex            0%         N/A       100%        4
 Petrify                  Tmut/Erth      0%         N/A       100%        4
 Irradiate                Conj/Tmut      0%         3d11      100%        5
 Dragon Form              Tmut           0%         N/A       100%        7
 Ozocubu's Refrigeration  Ice            0%         4d5       100%        7
 Dragon's Call            Summ           0%         N/A       100%        9


Dungeon Overview and Level Annotations

Branches:
Dungeon (4/15)
 Temple: D:4-7

Altars:
Wu Jian

Annotations:
D:4 Eustachio


Innate Abilities, Weirdness & Mutations

You expend magic power (3 MP) to strengthen your wands.


Message History

Eustachio blinks!
The shadow imp hits you but does no damage.
You slash the shadow imp!
You kill the shadow imp!
The shadow imp disappears in a puff of smoke!
You hit the river rat.
You kill the river rat!
The river rat's corpse disappears in a puff of smoke!
Eustachio casts a spell.
The iron imp shouts, "Bolt, thou qualling limp-willed reprobate!"
Eustachio gestures wildly while chanting.
The quokka barely misses you.
The iron imp disappears in a puff of smoke!
Eustachio zaps a wand.
The bolt of dispelling energy hits you!
* * * LOW HITPOINT WARNING * * *
You feel much better.
Eustachio twirls his moustache.
The quokka bites you but does no damage.
The quokka attacks as you move away! The quokka barely misses you.
Eustachio zaps a wand.
The bolt of dispelling energy hits you!
The bolt of dispelling energy hits the quokka!!
The quokka dies!
The quokka's corpse disappears in a puff of smoke!
Eustachio hits you with a +0 rapier.
You barely miss Eustachio.
Eustachio is lightly wounded.
You block Eustachio's attack.
You closely miss Eustachio.
Eustachio is lightly wounded.
Eustachio hits you but does no damage.
You hit Eustachio.
Eustachio is lightly wounded.
Eustachio zaps a wand.
The bolt of dispelling energy hits you!
* * * LOW HITPOINT WARNING * * *
You hit Eustachio.
Eustachio is moderately wounded.
The crimson imp blinks!
Eustachio zaps a wand.
The bolt of dispelling energy hits you!!
Ouch! That really hurt!
You die...

.... ###...................#
>...$..........................#
........####...................#
.......... #...................#
.........# #..........5........#
....... .....................#
.... ......................#
#.###########5............#
#..........@@ยง............#
#############5............#
#.............# #.............#
#.............# ###############


You could see Eustachio, a quasit (summoned), a crimson imp (summoned) and a
white imp (summoned).

Vanquished Creatures
  Pikel (D:4)
  Sigmund (D:4)
  The ghost of gobodom the Insei, an amateur DsTm (D:3)
  2 lemures (D:4)
  Jessica (D:2)
  A gnoll (D:1)
  4 adders (D:3)
  A worm (D:2)
  2 dart slugs
  An orc (D:3)
  6 endoplasms
  3 giant cockroaches
  6 goblins
  2 hobgoblins (D:2)
  4 quokkas
  6 ball pythons
  6 bats (D:1)
  2 frilled lizards
  5 kobolds
  3 rats
58 creatures vanquished.

Notes
Turn   | Place    | Note
-------+----------+-------------------------------------------
     0 | D:1      | masada555 the Hill Orc Fighter began the quest for the Orb.
     0 | D:1      | Reached XP level 1. HP: 19/19 MP: 1/1
    62 | D:1      | Found a faded altar of an unknown god.
    75 | D:1      | Reached skill level 3 in Axes
    75 | D:1      | Reached XP level 2. HP: 18/27 MP: 2/2
   168 | D:1      | Identified a scroll of acquirement
   168 | D:1      | Acquired 1128 gold pieces
   325 | D:1      | Reached XP level 3. HP: 27/33 MP: 3/3
   878 | D:2      | Noticed Jessica
   886 | D:2      | Killed Jessica
   887 | D:2      | Reached XP level 4. HP: 32/40 MP: 4/4
  1089 | D:2      | Identified the +3 hand axe of Ocuyts {vorpal, rPois Will++
                  | Str+3}
  1829 | D:3      | Reached skill level 4 in Axes
  1858 | D:3      | Found a runed translucent door.
  1899 | D:3      | Found an ornate altar of the Wu Jian Council.
  1965 | D:3      | Reached XP level 5. HP: 46/46 MP: 5/5
  2154 | D:3      | Noticed gobodom's ghost (amateur DsTm)
  2370 | D:3      | Killed gobodom's ghost
  2371 | D:3      | Reached skill level 5 in Axes
  2438 | D:4      | Noticed a lemure
  2438 | D:4      | Noticed a lemure
  2439 | D:4      | Noticed a lemure
  2439 | D:4      | Noticed a lemure
  2439 | D:4      | Noticed Pikel
  2455 | D:4      | Killed a lemure
  2459 | D:4      | Killed a lemure
  2810 | D:4      | Identified the +3 sling "Lole" {vorpal, rCorr Str+3 Dex-5
                  | SInv}
  2862 | D:4      | Killed Pikel
  2863 | D:4      | Reached skill level 7 in Axes
  2863 | D:4      | Reached skill level 5 in Armour
  2863 | D:4      | Reached XP level 6. HP: 14/52 MP: 1/6
  2863 | D:4      | Reached XP level 7. HP: 16/59 MP: 1/7
  2996 | D:4      | Noticed Sigmund
  3021 | D:4      | Killed Sigmund
  3022 | D:4      | Reached skill level 8 in Axes
  3022 | D:4      | Reached skill level 5 in Shields
  3133 | D:4      | Gained mutation: You expend magic power (3 MP) to
                  | strengthen your wands. [potion of mutation]
  3155 | D:4      | Noticed Eustachio
  3185 | D:4      | Killed from afar by Eustachio

Illustrated notes

Levels and vault maps discovered:
D:1:      tarquinn_simple_flora_water_a, layout_rooms, basic_ecumenical_altar
D:2:      kennysheep_six_static_rooms, layout_basic, uniq_jessica
D:3:      layout_rooms, nzn_wu_jian_council_hall, ebering_ghost_sewer_d
D:4:      layout_basic, uniq_pikel, uniq_sigmund, uniq_eustachio, uniq_ijyb

Skill      XL: |  1  2  3  4  5  6  7 |
---------------+----------------------+-----
Axes           | 3 4 7 8 |  8.3
Fighting       | 4 |  4.3
Shields        | 4 5 |  5.1
Armour         | 4 5 6 |  6.1

Action                   |  1- 3 |  4- 6 |  7- 9 || total
-------------------------+-------+-------+-------++-------
Melee: War axe           |    67 |    12 |       ||    79
       Hand axe          |       |    90 |    24 ||   114
  Use: Scroll            |     5 |     4 |     2 ||    11
       Potion            |       |     7 |     3 ||    10
Armor: Scale mail        |    36 |    24 |    13 ||    73
Dodge: Dodged            |    35 |    35 |     4 ||    74
Block: Buckler           |    20 |    25 |     1 ||    46

Table legend: (Time is in decaauts)
 A = Elapsed time spent in this place.
 B = Non-inter-level travel time spent in this place.
 C = Inter-level travel time spent in this place.
 D = Time resting spent in this place.
 E = Time spent auto-exploring this place.
 F = Levels seen in this place.
 G = Mean time per level.
                   A        B        C        D        E       F      G
               +--------+--------+--------+--------+--------+-----+--------+
         Total |   3218 |   3171 |     47 |      0 |   2424 |   4 |  804.5 |
       Dungeon |   3218 |   3171 |     47 |      0 |   2424 |   4 |  804.5 |
               +--------+--------+--------+--------+--------+-----+--------+

Top non-repeatable levels by time:
     D:2: 1145 daAuts
     D:4: 772 daAuts
     D:1: 658 daAuts
     D:3: 642 daAuts
